WCHLSIM.com - West Coast Hockey League
html PUBLIC "-//W3C//DTD XHTML 1.0 Transitional//EN" "http://www.w3.org/TR/xhtml1/DTD/xhtml1-transitional.dtd"> WCHL - Game 70 - SPOKANE KNIGHTS vs COLORADO GLACIERCATS

SPOKANE KNIGHTS vs COLORADO GLACIERCATS

Created - 23 octobre 2021 at 00:08

Goals
1 2 3 OT1 T
SPOKANE KNIGHTS 1 1 0 1 3
COLORADO GLACIERCATS 1 0 1 0 2
Shots
1 2 3 OT1 T
SPOKANE KNIGHTS 5 7 9 3 24
COLORADO GLACIERCATS 8 6 7 0 21

1st period

1. COLORADO GLACIERCATS , Alex Iafallo 3 (Tyson Jost 2, Dustin Brown 2) at 1:40
2. SPOKANE KNIGHTS , Patrice Bergeron 4 (Sebastian Aho 4, Jamie Oleksiak 1) at 6:06

Penalties :
Mario Ferraro (SPO) for Holding (Minor) at 12:15, Sam Reinhart (COL) for Interference (Minor) at 13:19

2nd period

3. SPOKANE KNIGHTS , Matthew Tkachuk 1 (Jamie Oleksiak 2) at 1:48

Penalties :
Tyson Jost (COL) for Interference (Minor) at 9:00, Radko Gudas (SPO) for Charging (Minor) at 17:14

3rd period

4. COLORADO GLACIERCATS , Alex Iafallo 4 (Ryan Ellis 2, Ryan Getzlaf 2) at 11:04 (PP)

Penalties :
Mario Ferraro (SPO) for Hooking (Minor) at 0:45, Ryan Getzlaf (COL) for Hooking (Minor) at 6:29, Cale Makar (SPO) for Tripping (Minor) at 9:35, Tomas Hertl (COL) for Hooking (Minor) at 14:51, Erik Brannstrom (COL) for Tripping (Minor) at 16:51

Overtime #1

5. SPOKANE KNIGHTS , Patrice Bergeron 5 (Sebastian Aho 5) at 1:12

Penalties :
No Penalty

Goalie Stats

Frederik Andersen (SPO), 19 saves from 21 shots - (0,905), W, 2-0-0, 61:13 minutes
Craig Anderson (COL), 21 saves from 24 shots - (0,875), OTL, 0-0-2, 61:13 minutes

Players Stats for SPOKANE KNIGHTS

Player Name              G  A  P  +/- PIM S  H  SB GA TA FO     MP     PP MP  PK MP  
------------------------------------------------------------------------------------
Andrew Agozzino          0  0  0   0  0   1  0  0  0  0  1/1    15:12   0:00   2:20 
Bryan Rust               0  0  0   0  0   2  0  0  0  0  0/0    18:28   5:15   0:00 
Cale Makar               0  0  0   0  2   1  0  0  0  0  0/0    23:12   5:03   2:55 
Colton Sceviour          0  0  0   0  0   0  1  0  0  0  0/0     4:42   0:00   0:00 
David Backes             0  0  0   0  0   1  2  0  0  0  6/12   17:34   0:00   0:00 
Duncan Keith             0  0  0   0  0   0  2  3  0  0  0/0    21:27   3:57   3:18 
Jamie Oleksiak           0  2  2   2  0   0  0  1  0  0  0/0    17:40   0:00   3:40 
Kevin Stenlund           0  0  0   0  0   0  0  0  0  0  0/0     0:00   0:00   0:00 
Mario Ferraro            0  0  0  -1  4   1  1  1  0  0  0/0    21:07   3:57   1:42 
Matthew Tkachuk          1  0  1   0  0   3  4  0  0  0  0/0    16:47   3:45   0:00 
Mitchell Stephens        0  0  0   0  0   0  0  0  0  0  0/0     0:00   0:00   0:00 
Nick Foligno             0  0  0   0  0   0  0  0  0  0  6/16   20:18   3:45   4:11 
Patrice Bergeron         2  0  2   2  0   5  2  0  0  0  15/28  23:22   3:45   4:11 
Patrick Kane             0  0  0   0  0   4  0  0  0  0  0/1    22:45   5:15   0:00 
Radko Gudas              0  0  0   2  2   0  3  0  0  0  0/0    15:22   0:00   1:27 
Sebastian Aho            0  2  2   2  0   2  0  0  0  0  5/10   22:14   5:15   2:20 
Valeri Nichushkin        0  0  0   1  0   4  2  0  0  0  0/1    13:38   0:00   0:00 
Victor Hedman            0  0  0   0  0   0  0  0  0  0  0/0    22:21   5:03   0:00 

Players Stats for COLORADO GLACIERCATS

Player Name              G  A  P  +/- PIM S  H  SB GA TA FO     MP     PP MP  PK MP  
------------------------------------------------------------------------------------
Alex Iafallo             2  0  2  -1  0   3  1  0  0  0  0/1    14:18   3:41   0:21 
Brayden Schenn           0  0  0   0  0   2  1  0  0  0  1/2    17:19   3:41   0:00 
Cameron Hughes           0  0  0   0  0   1  1  0  0  0  3/3     8:52   0:00   2:39 
Devon Toews              0  0  0  -2  0   2  1  2  0  0  0/0    21:57   3:20   3:45 
Dustin Brown             0  1  1  -1  0   0  0  0  0  0  1/3    10:16   0:00   0:00 
Erik Brannstrom          0  0  0   0  2   1  1  3  0  0  0/0    15:10   2:38   0:00 
Ilya Lyubushkin          0  0  0   0  0   0  0  0  0  0  0/0    13:53   0:00   1:20 
Joonas Donskoi           0  0  0   0  0   1  1  1  0  0  0/0    18:50   0:00   4:31 
Leon Draisaitl           0  0  0  -1  0   4  0  0  0  0  0/4    17:49   2:50   0:00 
Luke Glendening          0  0  0   0  0   0  0  0  0  0  6/10   10:44   0:00   4:31 
Ryan Ellis               0  1  1   0  0   0  0  0  0  0  0/0    26:28   3:11   4:16 
Ryan Getzlaf             0  1  1   0  2   2  1  0  0  0  13/25  20:59   3:41   3:21 
Sam Reinhart             0  0  0   0  2   1  0  0  0  0  0/0    16:27   2:49   0:00 
Tage Thompson            0  0  0   0  0   0  0  0  0  0  1/1     6:13   0:00   0:00 
Tomas Hertl              0  0  0  -1  2   3  3  0  0  0  7/10   17:48   2:50   0:00 
Torey Krug               0  0  0  -1  0   0  1  1  0  0  0/0    20:16   3:20   3:45 
Tyson Jost               0  1  1  -1  2   1  2  0  0  0  4/10   12:52   0:00   2:37 
Vladislav Gavrikov       0  0  0   0  0   0  2  1  0  0  0/0    23:28   0:33   4:54 

3 Stars

1 - Patrice Bergeron (SPO)
2 - Alex Iafallo (COL)
3 - Jamie Oleksiak (SPO)

Power Play

SPOKANE KNIGHTS - 0 on 5 Attempt(s) - 0,00%
COLORADO GLACIERCATS - 1 on 4 Attempt(s) - 25,00%

Penalty Kill

SPOKANE KNIGHTS - 3 on 4 Attempt(s) - 75,00% - Score 0 goal in Penalty Kill
COLORADO GLACIERCATS - 5 on 5 Attempt(s) - 100,00% - Score 0 goal in Penalty Kill

Team Stat

SPOKANE KNIGHTS - Hits : 17 - Faceoff Wins : 33 - Blocked Shots : 5 - Penalty Minutes : 8
COLORADO GLACIERCATS - Hits : 15 - Faceoff Wins : 36 - Blocked Shots : 8 - Penalty Minutes : 10

Official

Referees : Corey Syvret and Tim Peel
Linesman : Andrew Smith and Colin Gates

Game Notes

No Game Note

Finance

Level 1 -- Attendance: 7972 (93,79%) -- Ticket Income 1 155 940 $
Level 2 -- Attendance: 6000 (100,00%) -- Ticket Income 672 000 $
Level 3 -- Attendance: 3000 (100,00%) -- Ticket Income 246 000 $
Level 4 -- Attendance: 4169 (83,38%) -- Ticket Income 266 816 $
Luxury Box -- Attendance: 1071 (97,36%) -- Ticket Income 332 010 $
Game was played at the GC Place.
Total Attendance: 22212 (94,12%)
Total Ticket Income: 2 672 766 $
Other Expense: 26 728 $
Total Income: 2 646 038 $

SPOKANE KNIGHTS

5 vs 5 Forward 
   Center                   Left Wing                Right Wing               Time % Phy DF OF 
 1 Patrice Bergeron         Sebastian Aho            Valeri Nichushkin        30     1   1  3  
 2 Nick Foligno             Bryan Rust               Matthew Tkachuk          30     1   1  3  
 3 David Backes             Andrew Agozzino          Patrick Kane             30     1   2  2  
 4 David Backes             Colton Sceviour          Patrick Kane             10     1   2  2  

5 vs 5 Defense 
   Defense                  Defense                                           Time % Phy DF OF 
 1 Duncan Keith             Cale Makar                                        35     1   2  2  
 2 Mario Ferraro            Victor Hedman                                     35     1   2  2  
 3 Jamie Oleksiak           Radko Gudas                                       15     1   3  1  
 4 Jamie Oleksiak           Radko Gudas                                       15     1   3  1  

PowerPlay Forward 
   Center                   Left Wing                Right Wing               Time % Phy DF OF 
 1 Sebastian Aho            Bryan Rust               Patrick Kane             60     1   1  3  
 2 Patrice Bergeron         Matthew Tkachuk          Nick Foligno             40     1   1  3  

PowerPlay Defense
   Defense                  Defense                                           Time % Phy DF OF 
 1 Victor Hedman            Cale Makar                                        60     0   1  4  
 2 Duncan Keith             Mario Ferraro                                     40     0   1  4  

Penalty Kill 4 Players Forward 
   Center                   Wing                     Time % Phy DF OF 
 1 Patrice Bergeron         Nick Foligno             50     1   3  1  
 2 Sebastian Aho            Andrew Agozzino          50     1   3  1  

Penalty Kill 4 Players Defense
   Defense                  Defense                  Time % Phy DF OF 
 1 Duncan Keith             Radko Gudas              60     1   3  1  
 2 Mario Ferraro            Jamie Oleksiak           40     1   3  1  

Penalty Kill - 3 Players Forward 
   Forward                                           Time % Phy DF OF 
 1 Patrice Bergeron                                  60     0   5  0  
 2 Sebastian Aho                                     40     0   5  0  

Penalty Kill - 3 Players Defense
   Defense                  Defense                  Time % Phy DF OF 
 1 Victor Hedman            Mario Ferraro            60     0   5  0  
 2 Cale Makar               Radko Gudas              40     0   5  0  

4 vs 4 Forward 
   Center                   Wing                     Time % Phy DF OF 
 1 Patrice Bergeron         Bryan Rust               50     1   2  2  
 2 Sebastian Aho            Patrick Kane             50     1   2  2  

4 vs 4 Defense
   Defense                  Defense                  Time % Phy DF OF 
 1 Cale Makar               Victor Hedman            60     1   2  2  
 2 Duncan Keith             Mario Ferraro            40     1   2  2  

Last Minutes Offensive
   Center                   Left Wing                Right Wing               Defense                  Defense                  
   Patrice Bergeron         Sebastian Aho            Patrick Kane             Cale Makar               Victor Hedman            

Last Minutes Defensive
   Center                   Left Wing                Right Wing               Defense                  Defense                  
   Patrice Bergeron         Sebastian Aho            Bryan Rust               Cale Makar               Victor Hedman            

Goaltenders
Starting : Frederik Andersen        
Backup : Mike Smith               

Extra Forwards
Normal : David Backes, Patrick Kane, Andrew Agozzino - PP : Patrick Kane, Nick Foligno - PK : Patrice Bergeron
Extra Defensemen
Normal : Jamie Oleksiak, Radko Gudas, Mario Ferraro - PP : Mario Ferraro - PK : Cale Makar, Duncan Keith
Penalty Shots
Sebastian Aho, Patrick Kane, Patrice Bergeron, Matthew Tkachuk, Bryan Rust
Custom OT Lines Forwards
Patrice Bergeron, Sebastian Aho, Patrick Kane, Matthew Tkachuk, Bryan Rust, Valeri Nichushkin, Nick Foligno, Colton Sceviour, Andrew Agozzino, David Backes
Custom OT Lines Defensemen
Victor Hedman, Cale Makar, Mario Ferraro, Duncan Keith, Jamie Oleksiak

Scratches
Tyler Pitlick (Right Hand Injury)

COLORADO GLACIERCATS

5 vs 5 Forward 
   Center                   Left Wing                Right Wing               Time % Phy DF OF 
 1 Tomas Hertl              Joonas Donskoi           Leon Draisaitl           34     0   2  3  
 2 Ryan Getzlaf             Brayden Schenn           Sam Reinhart             34     0   2  3  
 3 Tyson Jost               Alex Iafallo             Dustin Brown             27     1   2  2  
 4 Luke Glendening          Cameron Hughes           Tage Thompson            5      1   2  2  

5 vs 5 Defense 
   Defense                  Defense                                           Time % Phy DF OF 
 1 Ryan Ellis               Vladislav Gavrikov                                40     0   3  2  
 2 Torey Krug               Devon Toews                                       30     0   2  3  
 3 Erik Brannstrom          Ilya Lyubushkin                                   28     0   4  1  
 4 Devon Toews              Ryan Ellis                                        2      0   1  4  

PowerPlay Forward 
   Center                   Left Wing                Right Wing               Time % Phy DF OF 
 1 Tomas Hertl              Leon Draisaitl           Sam Reinhart             50     0   0  5  
 2 Ryan Getzlaf             Alex Iafallo             Brayden Schenn           50     1   1  3  

PowerPlay Defense
   Defense                  Defense                                           Time % Phy DF OF 
 1 Torey Krug               Devon Toews                                       45     0   1  4  
 2 Ryan Ellis               Erik Brannstrom                                   55     0   2  3  

Penalty Kill 4 Players Forward 
   Center                   Wing                     Time % Phy DF OF 
 1 Luke Glendening          Joonas Donskoi           50     0   4  1  
 2 Ryan Getzlaf             Tyson Jost               50     0   4  1  

Penalty Kill 4 Players Defense
   Defense                  Defense                  Time % Phy DF OF 
 1 Ryan Ellis               Vladislav Gavrikov       55     1   4  0  
 2 Devon Toews              Torey Krug               45     1   4  0  

Penalty Kill - 3 Players Forward 
   Forward                                           Time % Phy DF OF 
 1 Luke Glendening                                   50     0   5  0  
 2 Tyson Jost                                        50     0   5  0  

Penalty Kill - 3 Players Defense
   Defense                  Defense                  Time % Phy DF OF 
 1 Ryan Ellis               Vladislav Gavrikov       50     0   5  0  
 2 Devon Toews              Torey Krug               50     0   5  0  

4 vs 4 Forward 
   Center                   Wing                     Time % Phy DF OF 
 1 Tomas Hertl              Leon Draisaitl           50     0   1  4  
 2 Ryan Getzlaf             Joonas Donskoi           50     0   1  4  

4 vs 4 Defense
   Defense                  Defense                  Time % Phy DF OF 
 1 Devon Toews              Torey Krug               45     0   3  2  
 2 Ryan Ellis               Vladislav Gavrikov       55     0   3  2  

Last Minutes Offensive
   Center                   Left Wing                Right Wing               Defense                  Defense                  
   Tomas Hertl              Leon Draisaitl           Sam Reinhart             Devon Toews              Torey Krug               

Last Minutes Defensive
   Center                   Left Wing                Right Wing               Defense                  Defense                  
   Tomas Hertl              Tyson Jost               Leon Draisaitl           Devon Toews              Ryan Ellis               

Goaltenders
Starting : Craig Anderson           
Backup : Kaapo Kahkonen           

Extra Forwards
Normal : Leon Draisaitl, Sam Reinhart, Tomas Hertl - PP : Joonas Donskoi, Tyson Jost - PK : Cameron Hughes
Extra Defensemen
Normal : Erik Brannstrom, Ilya Lyubushkin, Torey Krug - PP : Vladislav Gavrikov - PK : Ilya Lyubushkin, Erik Brannstrom
Penalty Shots
Leon Draisaitl, Sam Reinhart, Tomas Hertl, Brayden Schenn, Joonas Donskoi
Custom OT Lines Forwards
Leon Draisaitl, Tomas Hertl, Sam Reinhart, Brayden Schenn, Ryan Getzlaf, Joonas Donskoi, Alex Iafallo, Dustin Brown, Tyson Jost, Luke Glendening
Custom OT Lines Defensemen
Devon Toews, Ryan Ellis, Torey Krug, Vladislav Gavrikov, Erik Brannstrom

Scratches
None


% Time on Ice - SPOKANE KNIGHTS

Lines # - Real PCT - Wanted PCT - Time Play
Normal Forward
1 - 31% - 30% - 13:38
2 - 28% - 30% - 12:22
3 - 30% - 30% - 12:52
4 - 11% - 10% - 4:42
Normal Defense
1 - 32% - 35% - 14:08
2 - 36% - 35% - 15:30
3 - 16% - 15% - 7:09
4 - 16% - 15% - 6:47
PP Forward
1 - 58% - 60% - 5:15
2 - 42% - 40% - 3:45
PP Defense
1 - 56% - 60% - 5:03
2 - 44% - 40% - 3:57
PK Forward
1 - 64% - 50% - 4:11
2 - 36% - 50% - 2:20
PK Defense
1 - 46% - 60% - 3:01
2 - 54% - 40% - 3:30
PK3 Forward
1 - 0% - 60%
2 - 0% - 40%
PK3 Defense
1 - 0% - 60%
2 - 0% - 40%
44 Forward
1 - 93% - 50% - 0:51
2 - 7% - 50% - 0:04
44 Defense
1 - 93% - 60% - 0:51
2 - 7% - 40% - 0:04
Last Minute Offensive  - 0:00
Last Minute Defensive  - 0:00
Total
Forward - 60:00
Defense - 60:00

% Time on Ice - COLORADO GLACIERCATS

Lines # - Real PCT - Wanted PCT - Time Play
Normal Forward
1 - 31% - 34% - 13:43
2 - 31% - 34% - 13:22
3 - 24% - 27% - 10:16
4 - 14% - 5% - 6:13
Normal Defense
1 - 40% - 40% - 17:25
2 - 30% - 30% - 12:52
3 - 29% - 28% - 12:33
4 - 2% - 2% - 0:44
PP Forward
1 - 43% - 50% - 2:50
2 - 57% - 50% - 3:41
PP Defense
1 - 51% - 45% - 3:20
2 - 49% - 55% - 3:11
PK Forward
1 - 54% - 50% - 4:52
2 - 46% - 50% - 4:08
PK Defense
1 - 58% - 55% - 5:15
2 - 42% - 45% - 3:45
PK3 Forward
1 - 0% - 50%
2 - 0% - 50%
PK3 Defense
1 - 0% - 50%
2 - 0% - 50%
44 Forward
1 - 35% - 50% - 0:19
2 - 65% - 50% - 0:36
44 Defense
1 - 35% - 45% - 0:19
2 - 65% - 55% - 0:36
Last Minute Offensive  - 0:00
Last Minute Defensive  - 0:00
Total
Forward - 60:00
Defense - 60:00

Play-by-Play

1st period


0:01 of 1st period - Tomas Hertl wins face-off versus Patrice Bergeron in neutral zone.
0:04 of 1st period - Shot by Joonas Donskoi.
0:04 of 1st period - Stopped by Frederik Andersen without a rebound.
0:05 of 1st period - Ryan Getzlaf wins face-off versus Nick Foligno in SPOKANE KNIGHTS zone.
1:40 of 1st period - Shot by Alex Iafallo.
1:40 of 1st period - Goal by Alex Iafallo - SPOKANE KNIGHTS : 0 - COLORADO GLACIERCATS : 1.
1:41 of 1st period - Tomas Hertl wins face-off versus David Backes in neutral zone.
1:41 of 1st period - Leon Draisaitl is hit by David Backes and loses puck.
1:54 of 1st period - Shot by Patrick Kane.
1:54 of 1st period - Shot Blocked by Joonas Donskoi.
2:04 of 1st period - Shot by Andrew Agozzino.
2:04 of 1st period - Shot Blocked by Erik Brannstrom.
2:20 of 1st period - Shot by Tomas Hertl.
2:20 of 1st period - Stopped by Frederik Andersen without a rebound.
2:21 of 1st period - Luke Glendening wins face-off versus Patrice Bergeron in SPOKANE KNIGHTS zone.
2:24 of 1st period - Shot by Cameron Hughes.
2:24 of 1st period - Stopped by Frederik Andersen without a rebound.
2:25 of 1st period - Luke Glendening wins face-off versus Valeri Nichushkin in SPOKANE KNIGHTS zone.
2:41 of 1st period - Ryan Ellis is hit by Valeri Nichushkin and loses puck.
2:58 of 1st period - Icing by Ryan Ellis.
2:59 of 1st period - Tage Thompson wins face-off versus David Backes in COLORADO GLACIERCATS zone.
3:10 of 1st period - Cameron Hughes is hit by David Backes and loses puck.
3:32 of 1st period - Shot by Leon Draisaitl.
3:32 of 1st period - Shot Misses the Net.
3:34 of 1st period - Shot by Tomas Hertl.
3:34 of 1st period - Deflect By Leon Draisaitl.
3:34 of 1st period - Shot Blocked by Duncan Keith.
3:36 of 1st period - Shot by Tomas Hertl.
3:36 of 1st period - Shot Blocked by Duncan Keith.
3:38 of 1st period - Shot by Erik Brannstrom.
3:38 of 1st period - Stopped by Frederik Andersen without a rebound.
3:39 of 1st period - Ryan Getzlaf wins face-off versus Sebastian Aho in SPOKANE KNIGHTS zone.
4:03 of 1st period - Patrice Bergeron is hit by Devon Toews and loses puck.
4:09 of 1st period - Icing by Devon Toews.
4:10 of 1st period - Ryan Getzlaf wins face-off versus Nick Foligno in COLORADO GLACIERCATS zone.
4:10 of 1st period - Ryan Getzlaf is hit by Matthew Tkachuk.
4:45 of 1st period - Off-side.
4:46 of 1st period - David Backes wins face-off versus Tomas Hertl in neutral zone.
6:06 of 1st period - Shot by Patrice Bergeron.
6:06 of 1st period - Goal by Patrice Bergeron - SPOKANE KNIGHTS : 1 - COLORADO GLACIERCATS : 1.
6:07 of 1st period - Nick Foligno wins face-off versus Ryan Getzlaf in neutral zone.
6:51 of 1st period - Shot by Brayden Schenn.
6:51 of 1st period - Shot Misses the Net.
7:39 of 1st period - Shot by Sebastian Aho.
7:39 of 1st period - Shot Misses the Net.
7:45 of 1st period - Shot by Patrice Bergeron.
7:45 of 1st period - Stopped by Craig Anderson with a rebound.
9:18 of 1st period - Matthew Tkachuk is hit by Joonas Donskoi.
10:10 of 1st period - Torey Krug is hit by Patrice Bergeron and loses puck.
10:18 of 1st period - Ryan Getzlaf is hit by Radko Gudas and loses puck.
10:35 of 1st period - Shot by Brayden Schenn.
10:35 of 1st period - Stopped by Frederik Andersen without a rebound.
10:36 of 1st period - Luke Glendening wins face-off versus David Backes in SPOKANE KNIGHTS zone.
10:36 of 1st period - Cameron Hughes is hit by Duncan Keith.
11:40 of 1st period - Shot by Tomas Hertl.
11:40 of 1st period - Stopped by Frederik Andersen with a rebound.
12:15 of 1st period - Minor Penalty to Mario Ferraro for Holding.
12:16 of 1st period - Sebastian Aho wins face-off versus Ryan Getzlaf in SPOKANE KNIGHTS zone.
13:10 of 1st period - Shot by Leon Draisaitl.
13:10 of 1st period - Deflect By Sam Reinhart.
13:10 of 1st period - Shot Blocked by Jamie Oleksiak.
13:19 of 1st period - Minor Penalty to Sam Reinhart for Interference.
13:20 of 1st period - Patrice Bergeron wins face-off versus Ryan Getzlaf in COLORADO GLACIERCATS zone.
14:03 of 1st period - Torey Krug is hit by Patrice Bergeron and loses puck.
14:41 of 1st period - Shot by Bryan Rust.
14:41 of 1st period - Shot Misses the Net.
14:45 of 1st period - Shot by Bryan Rust.
14:45 of 1st period - Shot Misses the Net.
15:22 of 1st period - Shot by Patrick Kane.
15:22 of 1st period - Stopped by Craig Anderson without a rebound.
15:23 of 1st period - David Backes wins face-off versus Tyson Jost in COLORADO GLACIERCATS zone.
15:50 of 1st period - Shot by Patrick Kane.
15:50 of 1st period - Stopped by Craig Anderson without a rebound.
15:51 of 1st period - Patrice Bergeron wins face-off versus Ryan Getzlaf in COLORADO GLACIERCATS zone.
16:04 of 1st period - Shot by Valeri Nichushkin.
16:04 of 1st period - Stopped by Craig Anderson with a rebound.
16:11 of 1st period - Off-side.
16:12 of 1st period - Nick Foligno wins face-off versus Dustin Brown in neutral zone.
16:21 of 1st period - Dustin Brown is hit by Duncan Keith.
16:25 of 1st period - Shot by Alex Iafallo.
16:25 of 1st period - Stopped by Frederik Andersen without a rebound.
16:26 of 1st period - David Backes wins face-off versus Ryan Getzlaf in SPOKANE KNIGHTS zone.
16:44 of 1st period - Icing by Ryan Ellis.
16:45 of 1st period - Ryan Getzlaf wins face-off versus Patrice Bergeron in COLORADO GLACIERCATS zone.
16:55 of 1st period - Patrice Bergeron is hit by Vladislav Gavrikov.
19:03 of 1st period - Bryan Rust is hit by Alex Iafallo and loses puck.
19:22 of 1st period - Matthew Tkachuk is hit by Cameron Hughes and loses puck.
Goals for this period are 1 for SPOKANE KNIGHTS vs 1 for COLORADO GLACIERCATS.
Shots for this period are 5 for SPOKANE KNIGHTS vs 8 for COLORADO GLACIERCATS.

2nd period


0:01 of 2nd period - Tomas Hertl wins face-off versus David Backes in neutral zone.
0:01 of 2nd period - Leon Draisaitl is hit by Colton Sceviour and loses puck.
0:16 of 2nd period - Shot by Joonas Donskoi.
0:16 of 2nd period - Deflect By Leon Draisaitl.
0:16 of 2nd period - Shot Misses the Net.
1:24 of 2nd period - Shot by Ryan Getzlaf.
1:24 of 2nd period - Stopped by Frederik Andersen without a rebound.
1:25 of 2nd period - Dustin Brown wins face-off versus Nick Foligno in SPOKANE KNIGHTS zone.
1:48 of 2nd period - Shot by Matthew Tkachuk.
1:48 of 2nd period - Goal by Matthew Tkachuk - SPOKANE KNIGHTS : 2 - COLORADO GLACIERCATS : 1.
1:49 of 2nd period - Patrice Bergeron wins face-off versus Ryan Getzlaf in neutral zone.
1:57 of 2nd period - Icing by Vladislav Gavrikov.
1:58 of 2nd period - Patrice Bergeron wins face-off versus Ryan Getzlaf in COLORADO GLACIERCATS zone.
2:19 of 2nd period - Patrice Bergeron is hit by Brayden Schenn and loses puck.
2:36 of 2nd period - Brayden Schenn is hit by Valeri Nichushkin and loses puck.
3:00 of 2nd period - Shot by Leon Draisaitl.
3:00 of 2nd period - Shot Misses the Net.
3:06 of 2nd period - Shot by Tomas Hertl.
3:06 of 2nd period - Shot Misses the Net.
3:20 of 2nd period - Valeri Nichushkin is hit by Tomas Hertl and loses puck.
3:29 of 2nd period - Shot by Leon Draisaitl.
3:29 of 2nd period - Stopped by Frederik Andersen without a rebound.
3:30 of 2nd period - David Backes wins face-off versus Dustin Brown in SPOKANE KNIGHTS zone.
3:30 of 2nd period - David Backes is hit by Tyson Jost.
3:43 of 2nd period - Shot by Alex Iafallo.
3:43 of 2nd period - Shot Misses the Net.
4:04 of 2nd period - Shot by Tyson Jost.
4:04 of 2nd period - Shot Misses the Net.
4:06 of 2nd period - Shot by Tyson Jost.
4:06 of 2nd period - Stopped by Frederik Andersen without a rebound.
4:07 of 2nd period - Ryan Getzlaf wins face-off versus Nick Foligno in SPOKANE KNIGHTS zone.
4:43 of 2nd period - Ryan Getzlaf is hit by Matthew Tkachuk and loses puck.
4:54 of 2nd period - Ryan Getzlaf is hit by Matthew Tkachuk and loses puck.
5:07 of 2nd period - Duncan Keith is hit by Ryan Getzlaf and loses puck.
6:28 of 2nd period - Shot by Patrice Bergeron.
6:28 of 2nd period - Deflect By Sebastian Aho.
6:28 of 2nd period - Shot Misses the Net.
7:03 of 2nd period - Icing by Jamie Oleksiak.
7:04 of 2nd period - Ryan Getzlaf wins face-off versus Nick Foligno in SPOKANE KNIGHTS zone.
8:00 of 2nd period - Shot by Patrick Kane.
8:00 of 2nd period - Shot Misses the Net.
8:10 of 2nd period - Shot by Andrew Agozzino.
8:10 of 2nd period - Stopped by Craig Anderson without a rebound.
8:11 of 2nd period - Patrice Bergeron wins face-off versus Tyson Jost in COLORADO GLACIERCATS zone.
8:16 of 2nd period - Shot by Valeri Nichushkin.
8:16 of 2nd period - Stopped by Craig Anderson without a rebound.
8:17 of 2nd period - Patrice Bergeron wins face-off versus Tyson Jost in COLORADO GLACIERCATS zone.
8:44 of 2nd period - Sebastian Aho is hit by Torey Krug and loses puck.
9:00 of 2nd period - Minor Penalty to Tyson Jost for Interference.
9:01 of 2nd period - Sebastian Aho wins face-off versus Luke Glendening in COLORADO GLACIERCATS zone.
9:28 of 2nd period - Off-side.
9:29 of 2nd period - Nick Foligno wins face-off versus Ryan Getzlaf in neutral zone.
10:08 of 2nd period - Off-side.
10:09 of 2nd period - Sebastian Aho wins face-off versus Ryan Getzlaf in neutral zone.
12:28 of 2nd period - Shot by Bryan Rust.
12:28 of 2nd period - Stopped by Craig Anderson without a rebound.
12:29 of 2nd period - Patrice Bergeron wins face-off versus Luke Glendening in COLORADO GLACIERCATS zone.
13:00 of 2nd period - Shot by Patrice Bergeron.
13:00 of 2nd period - Deflect By Sebastian Aho.
13:00 of 2nd period - Shot Misses the Net.
13:08 of 2nd period - Shot by Patrice Bergeron.
13:08 of 2nd period - Stopped by Craig Anderson with a rebound.
13:13 of 2nd period - Valeri Nichushkin is hit by Vladislav Gavrikov and loses puck.
13:32 of 2nd period - Shot by Tomas Hertl.
13:32 of 2nd period - Shot Misses the Net.
13:34 of 2nd period - Shot by Joonas Donskoi.
13:34 of 2nd period - Shot Misses the Net.
13:36 of 2nd period - Shot by Ilya Lyubushkin.
13:36 of 2nd period - Shot Misses the Net.
14:01 of 2nd period - Shot by Bryan Rust.
14:01 of 2nd period - Shot Blocked by Erik Brannstrom.
15:17 of 2nd period - Off-side.
15:18 of 2nd period - Patrice Bergeron wins face-off versus Tyson Jost in neutral zone.
15:36 of 2nd period - Icing by Victor Hedman.
15:37 of 2nd period - Tomas Hertl wins face-off versus Patrice Bergeron in SPOKANE KNIGHTS zone.
16:11 of 2nd period - Shot by Valeri Nichushkin.
16:11 of 2nd period - Shot Blocked by Erik Brannstrom.
16:56 of 2nd period - Shot by Bryan Rust.
16:56 of 2nd period - Stopped by Craig Anderson without a rebound.
16:57 of 2nd period - Andrew Agozzino wins face-off versus Ryan Getzlaf in COLORADO GLACIERCATS zone.
17:14 of 2nd period - Minor Penalty to Radko Gudas for Charging.
17:15 of 2nd period - Ryan Getzlaf wins face-off versus Patrice Bergeron in SPOKANE KNIGHTS zone.
17:23 of 2nd period - Icing by Torey Krug.
17:24 of 2nd period - Ryan Getzlaf wins face-off versus Nick Foligno in COLORADO GLACIERCATS zone.
17:31 of 2nd period - Shot by Devon Toews.
17:31 of 2nd period - Stopped by Frederik Andersen with a rebound.
18:31 of 2nd period - Cale Makar is hit by Tomas Hertl and loses puck.
18:40 of 2nd period - Shot by Leon Draisaitl.
18:40 of 2nd period - Stopped by Frederik Andersen without a rebound.
18:41 of 2nd period - Tomas Hertl wins face-off versus Patrice Bergeron in SPOKANE KNIGHTS zone.
19:38 of 2nd period - Shot by Devon Toews.
19:38 of 2nd period - Stopped by Frederik Andersen without a rebound.
19:39 of 2nd period - Tyson Jost wins face-off versus Patrice Bergeron in SPOKANE KNIGHTS zone.
19:42 of 2nd period - Shot by Alex Iafallo.
19:42 of 2nd period - Shot Misses the Net.
19:56 of 2nd period - Shot by Patrice Bergeron.
19:56 of 2nd period - Stopped by Craig Anderson with a rebound.
19:58 of 2nd period - Shot by Valeri Nichushkin.
19:58 of 2nd period - Shot Misses the Net.
Goals for this period are 1 for SPOKANE KNIGHTS vs 0 for COLORADO GLACIERCATS.
Shots for this period are 7 for SPOKANE KNIGHTS vs 6 for COLORADO GLACIERCATS.

3rd period


0:01 of 3rd period - Tomas Hertl wins face-off versus David Backes in neutral zone.
0:40 of 3rd period - Shot by Tomas Hertl.
0:40 of 3rd period - Stopped by Frederik Andersen without a rebound.
0:41 of 3rd period - Ryan Getzlaf wins face-off versus Nick Foligno in SPOKANE KNIGHTS zone.
0:45 of 3rd period - Minor Penalty to Mario Ferraro for Hooking.
0:46 of 3rd period - Nick Foligno wins face-off versus Brayden Schenn in SPOKANE KNIGHTS zone.
1:07 of 3rd period - Shot by Brayden Schenn.
1:07 of 3rd period - Shot Misses the Net.
1:52 of 3rd period - Sebastian Aho is hit by Erik Brannstrom and loses puck.
2:19 of 3rd period - Shot by Sam Reinhart.
2:19 of 3rd period - Shot Misses the Net.
2:21 of 3rd period - Shot by Tomas Hertl.
2:21 of 3rd period - Shot Blocked by Duncan Keith.
2:23 of 3rd period - Shot by Leon Draisaitl.
2:23 of 3rd period - Stopped by Frederik Andersen without a rebound.
2:24 of 3rd period - Patrice Bergeron wins face-off versus Ryan Getzlaf in SPOKANE KNIGHTS zone.
2:39 of 3rd period - Shot by Patrice Bergeron.
2:39 of 3rd period - Shot Misses the Net.
3:02 of 3rd period - Cameron Hughes is hit by Mario Ferraro and loses puck.
3:30 of 3rd period - Off-side.
3:31 of 3rd period - Patrice Bergeron wins face-off versus Leon Draisaitl in neutral zone.
3:45 of 3rd period - Shot by Sebastian Aho.
3:45 of 3rd period - Shot Misses the Net.
3:59 of 3rd period - Shot by Valeri Nichushkin.
3:59 of 3rd period - Stopped by Craig Anderson without a rebound.
4:00 of 3rd period - Ryan Getzlaf wins face-off versus Nick Foligno in COLORADO GLACIERCATS zone.
4:22 of 3rd period - Off-side.
4:23 of 3rd period - Tyson Jost wins face-off versus David Backes in neutral zone.
5:31 of 3rd period - Icing by Vladislav Gavrikov.
5:32 of 3rd period - Tyson Jost wins face-off versus Patrice Bergeron in COLORADO GLACIERCATS zone.
5:32 of 3rd period - Tyson Jost is hit by Radko Gudas.
5:48 of 3rd period - Valeri Nichushkin is hit by Tyson Jost and loses puck.
6:28 of 3rd period - Brayden Schenn is hit by Radko Gudas.
6:29 of 3rd period - Minor Penalty to Ryan Getzlaf for Hooking.
6:30 of 3rd period - Luke Glendening wins face-off versus Sebastian Aho in COLORADO GLACIERCATS zone.
7:41 of 3rd period - Shot by Mario Ferraro.
7:41 of 3rd period - Stopped by Craig Anderson without a rebound.
7:42 of 3rd period - Cameron Hughes wins face-off versus Patrice Bergeron in COLORADO GLACIERCATS zone.
7:51 of 3rd period - Shot by Cale Makar.
7:51 of 3rd period - Stopped by Craig Anderson without a rebound.
7:52 of 3rd period - Sebastian Aho wins face-off versus Tyson Jost in COLORADO GLACIERCATS zone.
8:10 of 3rd period - Shot by Patrick Kane.
8:10 of 3rd period - Stopped by Craig Anderson without a rebound.
8:11 of 3rd period - Cameron Hughes wins face-off versus Patrice Bergeron in COLORADO GLACIERCATS zone.
8:25 of 3rd period - Off-side.
8:26 of 3rd period - Cameron Hughes wins face-off versus Sebastian Aho in neutral zone.
8:38 of 3rd period - Shot by Brayden Schenn.
8:38 of 3rd period - Shot Misses the Net.
8:40 of 3rd period - Shot by Ryan Getzlaf.
8:40 of 3rd period - Shot Misses the Net.
9:23 of 3rd period - Andrew Agozzino is hit by Tomas Hertl.
9:35 of 3rd period - Minor Penalty to Cale Makar for Tripping.
9:36 of 3rd period - Patrice Bergeron wins face-off versus Leon Draisaitl in SPOKANE KNIGHTS zone.
10:01 of 3rd period - Shot by Leon Draisaitl.
10:01 of 3rd period - Shot Misses the Net.
10:14 of 3rd period - Off-side.
10:15 of 3rd period - Sebastian Aho wins face-off versus Alex Iafallo in neutral zone.
10:20 of 3rd period - Shot by Sebastian Aho.
10:20 of 3rd period - Stopped by Craig Anderson without a rebound.
10:21 of 3rd period - Ryan Getzlaf wins face-off versus Patrice Bergeron in COLORADO GLACIERCATS zone.
10:32 of 3rd period - Shot by Alex Iafallo.
10:32 of 3rd period - Shot Blocked by Mario Ferraro.
10:44 of 3rd period - Shot by Brayden Schenn.
10:44 of 3rd period - Stopped by Frederik Andersen with a rebound.
10:46 of 3rd period - Shot by Alex Iafallo.
10:46 of 3rd period - Shot Misses the Net.
10:56 of 3rd period - Shot by Alex Iafallo.
10:56 of 3rd period - Shot Misses the Net.
10:58 of 3rd period - Shot by Ryan Ellis.
10:58 of 3rd period - Deflect By Alex Iafallo.
10:58 of 3rd period - Shot Misses the Net.
11:00 of 3rd period - Shot by Ryan Getzlaf.
11:00 of 3rd period - Shot Misses the Net.
11:02 of 3rd period - Shot by Ryan Ellis.
11:02 of 3rd period - Shot Misses the Net.
11:04 of 3rd period - Shot by Alex Iafallo.
11:04 of 3rd period - Goal by Alex Iafallo - SPOKANE KNIGHTS : 2 - COLORADO GLACIERCATS : 2.
11:05 of 3rd period - David Backes wins face-off versus Tomas Hertl in neutral zone.
11:26 of 3rd period - Shot by Patrick Kane.
11:26 of 3rd period - Deflect By David Backes.
11:26 of 3rd period - Stopped by Craig Anderson without a rebound.
11:27 of 3rd period - Patrice Bergeron wins face-off versus Luke Glendening in COLORADO GLACIERCATS zone.
11:38 of 3rd period - Shot by Patrice Bergeron.
11:38 of 3rd period - Shot Blocked by Vladislav Gavrikov.
11:44 of 3rd period - Shot by Valeri Nichushkin.
11:44 of 3rd period - Shot Misses the Net.
11:50 of 3rd period - Shot by Patrice Bergeron.
11:50 of 3rd period - Shot Misses the Net.
11:56 of 3rd period - Shot by Sebastian Aho.
11:56 of 3rd period - Shot Misses the Net.
11:58 of 3rd period - Shot by Victor Hedman.
11:58 of 3rd period - Deflect By Sebastian Aho.
11:58 of 3rd period - Shot Misses the Net.
12:04 of 3rd period - Shot by Sebastian Aho.
12:04 of 3rd period - Shot Misses the Net.
12:49 of 3rd period - Shot by Joonas Donskoi.
12:49 of 3rd period - Shot Misses the Net.
13:34 of 3rd period - Shot by Brayden Schenn.
13:34 of 3rd period - Shot Misses the Net.
13:40 of 3rd period - Shot by Sam Reinhart.
13:40 of 3rd period - Stopped by Frederik Andersen without a rebound.
13:41 of 3rd period - Nick Foligno wins face-off versus Tyson Jost in SPOKANE KNIGHTS zone.
13:45 of 3rd period - Off-side.
13:46 of 3rd period - Tyson Jost wins face-off versus Nick Foligno in neutral zone.
14:07 of 3rd period - Shot by Matthew Tkachuk.
14:07 of 3rd period - Stopped by Craig Anderson without a rebound.
14:08 of 3rd period - Patrice Bergeron wins face-off versus Tomas Hertl in COLORADO GLACIERCATS zone.
14:09 of 3rd period - Shot by Sebastian Aho.
14:09 of 3rd period - Shot Blocked by Torey Krug.
14:17 of 3rd period - Shot by Valeri Nichushkin.
14:17 of 3rd period - Shot Blocked by Devon Toews.
14:19 of 3rd period - Shot by Sebastian Aho.
14:19 of 3rd period - Shot Misses the Net.
14:21 of 3rd period - Shot by Valeri Nichushkin.
14:21 of 3rd period - Stopped by Craig Anderson without a rebound.
14:22 of 3rd period - Ryan Getzlaf wins face-off versus Nick Foligno in COLORADO GLACIERCATS zone.
14:22 of 3rd period - Ryan Getzlaf is hit by Matthew Tkachuk.
14:42 of 3rd period - Shot by Sam Reinhart.
14:42 of 3rd period - Shot Misses the Net.
14:44 of 3rd period - Shot by Ryan Getzlaf.
14:44 of 3rd period - Stopped by Frederik Andersen without a rebound.
14:45 of 3rd period - Tomas Hertl wins face-off versus Patrice Bergeron in SPOKANE KNIGHTS zone.
14:51 of 3rd period - Minor Penalty to Tomas Hertl for Hooking.
14:52 of 3rd period - Ryan Getzlaf wins face-off versus Sebastian Aho in COLORADO GLACIERCATS zone.
15:09 of 3rd period - Shot by Sebastian Aho.
15:09 of 3rd period - Shot Misses the Net.
16:51 of 3rd period - Minor Penalty to Erik Brannstrom for Tripping.
16:52 of 3rd period - Luke Glendening wins face-off versus Sebastian Aho in COLORADO GLACIERCATS zone.
17:01 of 3rd period - Shot by Bryan Rust.
17:01 of 3rd period - Shot Blocked by Devon Toews.
17:03 of 3rd period - Shot by Victor Hedman.
17:03 of 3rd period - Shot Misses the Net.
17:05 of 3rd period - Shot by Bryan Rust.
17:05 of 3rd period - Shot Misses the Net.
17:07 of 3rd period - Shot by Victor Hedman.
17:07 of 3rd period - Shot Misses the Net.
18:39 of 3rd period - Icing by Patrice Bergeron.
18:40 of 3rd period - Nick Foligno wins face-off versus Ryan Getzlaf in SPOKANE KNIGHTS zone.
19:14 of 3rd period - Shot by Leon Draisaitl.
19:14 of 3rd period - Stopped by Frederik Andersen without a rebound.
19:15 of 3rd period - Luke Glendening wins face-off versus Patrice Bergeron in SPOKANE KNIGHTS zone.
19:25 of 3rd period - Icing by Luke Glendening.
19:26 of 3rd period - David Backes wins face-off versus Luke Glendening in COLORADO GLACIERCATS zone.
19:59 of 3rd period - Shot by Patrick Kane.
19:59 of 3rd period - Stopped by Craig Anderson without a rebound.
Goals for this period are 0 for SPOKANE KNIGHTS vs 1 for COLORADO GLACIERCATS.
Shots for this period are 9 for SPOKANE KNIGHTS vs 7 for COLORADO GLACIERCATS.

Overtime #1


0:01 of 1st overtime period - Patrice Bergeron wins face-off versus Leon Draisaitl in neutral zone.
0:48 of 1st overtime period - Shot by Sebastian Aho.
0:48 of 1st overtime period - Stopped by Craig Anderson without a rebound.
0:49 of 1st overtime period - Brayden Schenn wins face-off versus Patrick Kane in COLORADO GLACIERCATS zone.
1:04 of 1st overtime period - Shot by Matthew Tkachuk.
1:04 of 1st overtime period - Stopped by Craig Anderson without a rebound.
1:05 of 1st overtime period - Patrice Bergeron wins face-off versus Leon Draisaitl in COLORADO GLACIERCATS zone.
1:12 of 1st overtime period - Shot by Patrice Bergeron.
1:12 of 1st overtime period - Goal by Patrice Bergeron - SPOKANE KNIGHTS : 3 - COLORADO GLACIERCATS : 2.
Goals for this period are 1 for SPOKANE KNIGHTS vs 0 for COLORADO GLACIERCATS.
Shots for this period are 3 for SPOKANE KNIGHTS vs 0 for COLORADO GLACIERCATS.


AUSTON
MATTHEWS
JOEL
ERIKSSON
MATHEW
BARZAL

EAST COAST

HOCKEY LEAGUE

  • 21.PIT7MAN3
  • 22.ATL3NHW4
  • 23.WOR5PET4
  • 24.3RHI4
  • 25.QUECHI
  • 26.CHALIM
  • 27.TRVLON
  • 28.CHWBAL